Map: [ESL] Data-C

Players

DPGDark (Dark)

  • Race: Zerg Zerg
  • League: Master
  • Spawn Location: 3:00

Bunny - Winner!

  • Race: Terran Terran
  • League: Silver
  • Spawn Location: 9:00

VOD

Have the link to the VOD?

Description

Time

  • Played on: Nov. 5, 2022, 9:55 a.m.
  • Length: 16:22
Show
View Real Time Build Order
Export as new Build Order

DPGDark Zerg 

Build Orders: Hatch First, Lurkers 

Get SALT Encoding   

  12  0:00  Drone  
  13  0:12  Overlord  
  13  0:16  Drone  
  14  0:30  Drone x2  
  16  0:50  Hatchery  
  16  0:52  Drone  
  16  0:55  Drone  
  17  1:00  Drone  
  18  1:10  Extractor  
  17  1:14  Spawning Pool  
  17  1:17  Drone  
  17  1:20  Drone  
  18  1:27  Drone  
  19  1:38  Drone  
  20  1:48  Drone  
  21  2:03  Zergling x4, Queen x2  
  27  2:12  Overlord  
  27  2:15  Drone  
  28  2:22  Hatchery  
  27  2:27  Drone  
  28  2:32  Drone x2  
  28  2:34  Drone  
  31  2:42  Queen  
  33  2:46  Overlord  
  33  2:48  Drone  
  34  2:55  Metabolic Boost, Drone  
  35  2:59  Drone  
  35  3:05  Queen  
  36  3:07  Drone  
  36  3:09  Drone  
  40  3:14  Drone  
  40  3:15  Drone x2  
  40  3:17  Drone  
  44  3:25  Overlord  
  44  3:33  Queen  
  46  3:34  Queen  
  46  3:35  Drone  
  46  3:36  Drone  
  50  3:44  Queen  
  50  3:45  Drone x3  
  55  3:49  Overlord  
  55  3:51  Drone  
  55  3:52  Drone  
  55  3:55  Drone  
  58  4:02  Overlord  
  58  4:05  Overlord  
  58  4:07  Extractor  
  58  4:08  Drone x2  
  58  4:09  Queen  
  61  4:11  Drone x2  
  61  4:12  Drone  
  61  4:17  Queen  
  64  4:20  Lair  
  64  4:23  Zergling x2  
  64  4:24  Zergling x2  
  68  4:27  Zergling x4  
  68  4:28  Drone  
  72  4:31  Drone  
  72  4:34  Drone x3  
  72  4:37  Drone  
  76  4:38  Drone  
  76  4:41  Drone  
  76  4:44  Baneling Nest, Drone x3  
  79  4:47  Drone x2  
  79  4:50  Overlord  
  79  4:51  Spore Crawler  
  80  4:56  Drone  
  80  4:58  Spore Crawler  
  80  4:59  Drone  
  81  5:02  Extractor  
  81  5:05  Extractor  
  81  5:06  Drone x3  
  81  5:07  Drone, Extractor  
  81  5:08  Drone x2  
  81  5:11  Drone x2  
  86  5:14  Drone  
  86  5:15  Evolution Chamber x2  
  86  5:19  Overseer  
  86  5:21  Drone  
  86  5:27  Hatchery  
  85  5:30  Drone  
  85  5:31  Drone  
  85  5:32  Centrifugal Hooks  
  87  5:35  Overseer  
  87  5:38  Zergling x6  
  88  5:45  Queen  
  88  5:49  Drone x2  
  88  5:51  Drone x2  
  88  5:56  Overlord  
  90  5:59  Overlord  
  90  6:04  Overlord  
  90  6:08  Queen  
  90  6:09  Overlord  
  90  6:11  Overlord  
  90  6:12  Overlord  
  90  6:14  Queen  
  90  6:15  Zerg Ground Armor Level 1, Zerg Melee Weapons Level 1  
  90  6:16  Hatchery  
  90  6:17  Drone x3  
  94  6:19  Zergling x4  
  96  6:27  Drone x2  
  98  6:34  Zergling x4  
  98  6:38  Hatchery  
  99  6:40  Hatchery  
  99  6:41  Spore Crawler, Drone x3  
  99  6:44  Drone  
  99  6:45  Drone x2  
  103  6:49  Zergling x4  
  103  6:50  Zergling x2  
  106  6:57  Zergling x4  
  108  7:01  Infestation Pit  
  108  7:03  Zergling x10  
  111  7:08  Zergling x2  
  111  7:09  Zergling x6  
  111  7:10  Baneling x6  
  116  7:15  Zergling x12  
  116  7:16  Hydralisk Den  
  121  7:22  Zergling x2  
  121  7:23  Zergling x8  
  121  7:28  Baneling x4  
  125  7:34  Zergling x12  
  125  7:36  Zergling x8  
  135  7:49  Zergling x22  
  145  7:53  Baneling x4  
  145  7:54  Baneling x6  
  145  7:55  Hive  
  145  8:00  Zergling x16  
  145  8:02  Grooved Spines  
  153  8:05  Drone  
  153  8:06  Drone  
  153  8:07  Zergling x10  
  157  8:21  Overseer  
  157  8:23  Zergling x18  
  157  8:25  Extractor  
  157  8:27  Zergling x14  
  155  8:31  Extractor  
  155  8:33  Spore Crawler  
  157  8:34  Zergling x10  
  157  8:44  Zergling x2  
  157  8:45  Zergling x8  
  161  8:52  Overlord x2  
  161  8:54  Overlord  
  161  8:55  Overlord  
  152  8:56  Hatchery  
  152  8:57  Hydralisk x2  
  154  9:04  Overlord  
  154  9:09  Zerg Melee Weapons Level 2, Hatchery, Zerg Ground Armor Level 2, Overlord  
  153  9:13  Muscular Augments  
  153  9:14  Viper x3  
  162  9:17  Drone x3  
  165  9:30  Hydralisk  
  165  9:31  Hydralisk x7  
  144  9:33  Baneling x5  
  144  9:35  Zergling x2  
  144  9:36  Baneling x3  
  144  9:38  Zergling x2  
  158  9:39  Overseer  
  158  9:42  Zergling x6  
  161  9:47  Zergling x12  
  161  9:48  Zergling x2  
  161  9:50  Zergling x6  
  165  9:58  Zergling x2  
  165  9:59  Zergling x14  
  157  10:09  Zergling x6  
  157  10:10  Zergling x18  
  162  10:16  Zergling x12  
  162  10:17  Baneling x3  
  162  10:18  Drone  
  162  10:19  Drone  
  162  10:20  Drone  
  171  10:28  Hatchery  
  170  10:33  Lurker Den  
  169  10:37  Zergling x10, Drone, Extractor  
  169  10:38  Zergling x4, Evolution Chamber  
  176  10:44  Adrenal Glands  
  155  10:58  Zergling x8  
  155  10:59  Zergling x36  
  152  11:04  Zergling x12  
  152  11:06  Zergling x4  
  152  11:08  Zergling x4  
  159  11:11  Baneling x2  
  159  11:17  Zergling x2  
  159  11:18  Zergling x16  
  158  11:24  Baneling  
  149  11:27  Zergling x10  
  149  11:31  Adaptive Talons  
  141  11:39  Drone x5  
  145  11:42  Extractor  
  145  11:44  Extractor  
  141  11:48  Overseer  
  141  11:50  Drone x2  
  141  11:51  Drone x4  
  144  11:54  Baneling  
  144  11:55  Baneling  
  144  11:59  Lurker x5  
  149  12:02  Baneling x2  
  149  12:03  Baneling  
  137  12:12  Zergling x18  
  137  12:13  Zergling x2  
  128  12:17  Baneling  
  127  12:25  Zergling x20  
  127  12:28  Seismic Spines  
  137  12:30  Extractor  
  137  12:33  Zergling x6  
  139  12:37  Baneling x5  
  139  12:40  Overseer  
  139  12:41  Zergling x10  
  144  12:44  Baneling  
  144  12:49  Hydralisk x5  
  144  12:50  Overlord  
  153  12:57  Overseer  
  147  13:01  Drone x3  
  149  13:07  Hydralisk x3  
  149  13:09  Hydralisk  
  158  13:12  Zergling x2  
  158  13:13  Zergling x4  
  158  13:15  Zerg Missile Weapons Level 1  
  160  13:22  Overseer  
  160  13:24  Lurker x5  
  160  13:26  Overlord  
  163  13:36  Zerg Ground Armor Level 3  
  163  13:46  Hydralisk x4  
  171  13:50  Overseer  
  171  13:52  Overlord x2  
  171  13:58  Spore Crawler  
  169  14:11  Hydralisk x4  
  169  14:14  Lurker x4  
  181  14:19  Nydus Network  
  181  14:21  Overlord x2  
  181  14:22  Overlord  
  180  14:27  Overlord  
  180  14:28  Hydralisk x2  
  184  14:34  Lurker x3  
  184  14:35  Overseer  
  187  14:40  Overseer  
  187  14:41  Hydralisk x3  
  187  14:42  Lurker  
  187  14:44  Overseer  
  194  14:49  Pneumatized Carapace  
  194  14:54  Overseer  
  193  15:13  Hydralisk x2  
  197  15:14  Zergling x6  
  197  15:15  Hatchery  
  199  15:22  Overseer  
  199  15:25  Spore Crawler  
  199  15:26  Spore Crawler  
  194  15:39  Zergling x2  
  194  15:42  Zergling x20  
  198  15:43  Zergling x2  
  198  15:44  Zergling x14  
  188  15:56  Zergling x2  
  177  16:02  Zergling x18  
Show
View Real Time Build Order
Export as new Build Order

Bunny Terran - Winner!

Build Orders: Reaper Expand, Hellion Banshee 

Get SALT Encoding   

  12  0:00  SCV  
  13  0:12  SCV  
  14  0:17  Supply Depot  
  14  0:24  SCV  
  15  0:39  SCV  
  15  0:41  Barracks  
  16  0:44  Refinery  
  16  0:51  SCV  
  17  1:03  SCV  
  18  1:15  SCV  
  19  1:28  Reaper, Orbital Command  
  20  1:40  Command Center  
  20  1:50  Supply Depot  
  20  1:53  SCV  
  21  2:00  Marine  
  22  2:05  SCV  
  23  2:08  Factory  
  23  2:18  SCV  
  23  2:21  Barracks Reactor  
  24  2:30  SCV  
  25  2:42  SCV  
  26  2:45  Command Center  
  26  2:52  Orbital Command  
  26  2:54  SCV  
  27  2:59  Starport  
  27  3:03  Refinery  
  27  3:06  SCV  
  27  3:11  Hellion  
  30  3:15  Hellion  
  30  3:18  SCV  
  30  3:19  Barracks Tech Lab  
  33  3:22  SCV  
  34  3:31  SCV  
  34  3:32  Hellion  
  37  3:34  SCV  
  37  3:37  Hellion  
  40  3:41  Banshee  
  40  3:44  SCV  
  40  3:45  Marine  
  40  3:46  SCV  
  46  3:56  Hellion  
  46  3:58  Hellion  
  46  4:00  Cloaking Field  
  46  4:01  Orbital Command  
  50  4:03  SCV x2  
  50  4:05  Barracks Tech Lab  
  52  4:15  Supply Depot, SCV x2  
  54  4:18  Hellion  
  54  4:20  Hellion  
  58  4:25  Banshee  
  61  4:35  Stimpack  
  61  4:36  SCV x2, Marine  
  61  4:37  Orbital Command  
  64  4:38  Supply Depot  
  64  4:40  Hellion  
  64  4:42  Hellion  
  68  4:48  SCV  
  69  4:52  Supply Depot  
  69  4:59  Marine  
  69  5:00  SCV  
  69  5:07  SCV x2, Barracks  
  73  5:08  Engineering Bay, Barracks  
  73  5:09  Engineering Bay  
  73  5:11  Supply Depot  
  73  5:12  SCV  
  74  5:15  Supply Depot  
  74  5:16  Refinery  
  74  5:19  Refinery  
  74  5:20  SCV x2  
  76  5:27  Siege Tank  
  76  5:28  Starport Reactor  
  79  5:31  SCV  
  79  5:32  SCV x2  
  82  5:41  Marine  
  77  5:52  SCV x3  
  77  5:54  Marine  
  81  5:57  Barracks  
  81  5:59  Terran Infantry Armor Level 1, Terran Infantry Weapons Level 1  
  81  6:00  Barracks  
  81  6:05  SCV x3  
  81  6:10  Marine  
  81  6:11  Barracks Reactor, Siege Tank, Marine  
  84  6:12  Marine  
  84  6:16  Factory  
  84  6:17  SCV x3  
  91  6:21  Supply Depot  
  91  6:24  Combat Shield  
  91  6:29  SCV x3  
  91  6:31  Marine x3  
  97  6:33  Medivac  
  97  6:35  Refinery  
  99  6:41  SCV x2  
  99  6:42  Supply Depot, SCV, Medivac  
  99  6:46  Supply Depot, Barracks Reactor  
  104  6:50  Marine x3  
  104  6:51  Barracks Reactor, Marine  
  104  6:52  Marine  
  109  7:02  Armory  
  109  7:03  SCV x3  
  109  7:05  Factory Reactor  
  112  7:09  Supply Depot  
  112  7:10  Supply Depot  
  112  7:13  Marine x5  
  117  7:15  SCV  
  117  7:16  SCV x2, Medivac  
  117  7:21  Medivac  
  124  7:28  SCV  
  125  7:30  Marine  
  125  7:31  SCV x2, Widow Mine, Marine x3  
  125  7:32  Marine x2  
  125  7:35  Supply Depot  
  125  7:36  Supply Depot  
  135  7:40  Marine  
  135  7:41  Marine x2  
  138  7:47  Widow Mine  
  138  7:48  Marine  
  138  7:49  Drilling Claws  
  138  7:50  Concussive Shells  
  141  7:57  SCV x3, Widow Mine x2, Marine x3  
  141  7:58  Supply Depot x2  
  151  7:59  Supply Depot  
  151  8:01  Marine x2  
  151  8:02  Marine x3  
  156  8:05  Terran Infantry Weapons Level 2  
  156  8:06  Marine  
  156  8:10  Terran Infantry Armor Level 2  
  157  8:14  Marine  
  157  8:16  Widow Mine  
  157  8:17  Medivac  
  157  8:19  Widow Mine  
  162  8:20  Refinery, Widow Mine  
  162  8:22  Supply Depot  
  162  8:23  Marauder, Marine  
  162  8:24  Marine x4  
  160  8:32  Medivac  
  158  8:35  Marine x3  
  158  8:37  Widow Mine  
  158  8:40  Widow Mine  
  166  8:41  Widow Mine, Marine x3  
  164  8:50  Marine  
  164  8:52  Marine  
  164  8:53  Marine  
  164  8:55  Barracks  
  167  8:57  Barracks x2  
  167  8:58  Command Center  
  159  9:05  Widow Mine  
  159  9:06  Widow Mine x2  
  163  9:10  Sensor Tower  
  163  9:11  Marauder  
  164  9:29  Medivac x2, Widow Mine x3  
  163  9:32  Marauder, Marine  
  166  9:42  Marine x7  
  173  9:45  Barracks Tech Lab  
  173  9:46  Barracks Tech Lab x2  
  173  9:50  Widow Mine, Marine  
  173  9:51  Widow Mine x2  
  177  9:53  Marine  
  177  9:59  Medivac x2  
  173  10:00  Marine  
  173  10:04  Marine  
  173  10:05  Marine x7  
  173  10:06  Marine  
  173  10:12  Widow Mine x3, Marauder, Marine  
  178  10:17  Marine  
  178  10:19  SCV x2  
  178  10:20  SCV  
  178  10:31  Marauder  
  178  10:35  Marine  
  180  10:36  Widow Mine x2, Marauder x3, Marine x3  
  180  10:42  Terran Infantry Weapons Level 3  
  190  10:52  Marine  
  190  10:53  Marauder, Marine x4  
  190  10:55  Marine x3  
  188  10:58  Medivac x2  
  188  11:04  Widow Mine x2  
  177  11:05  Marine  
  177  11:06  Marauder, Marine  
  179  11:17  Widow Mine  
  168  11:21  Marauder  
  168  11:22  Marine x6  
  168  11:23  Planetary Fortress  
  168  11:25  Widow Mine x2  
  173  11:37  Medivac x2  
  173  11:38  Widow Mine  
  173  11:39  Marauder  
  171  11:41  Marine x4  
  171  11:46  Widow Mine  
  171  11:47  Widow Mine  
  168  11:52  Marine  
  168  11:53  SCV x3  
  172  11:56  Refinery x2  
  172  12:07  Medivac x2  
  160  12:11  Marine  
  160  12:12  Marine x11  
  139  12:23  Ghost Academy  
  139  12:29  Marine  
  140  12:30  Marauder x3, Marine x5  
  140  12:34  SCV x3  
  140  12:35  SCV  
  140  12:37  Liberator x2  
  161  12:45  Siege Tank  
  161  12:48  SCV  
  165  12:54  Widow Mine x2  
  165  12:57  Ghost x4  
  175  13:04  Missile Turret  
  171  13:15  Terran Infantry Armor Level 3, Personal Cloaking  
  171  13:20  Command Center  
  171  13:25  Ghost  
  171  13:29  Liberator  
  174  13:36  Liberator  
  177  13:44  Ghost  
  177  13:48  Ghost  
  181  13:54  Command Center  
  181  13:57  Ghost  
  181  13:59  Missile Turret  
  181  14:01  Missile Turret, Ghost  
  185  14:14  Liberator  
  188  14:19  Liberator  
  188  14:23  Ghost  
  193  14:37  Siege Tank  
  196  14:41  Nuke  
  196  14:42  Widow Mine x2  
  196  14:43  Missile Turret  
  198  14:49  Ghost  
  200  14:55  Command Center  
  200  14:56  Command Center, Missile Turret  
  200  14:59  Refinery, Missile Turret  
  198  15:04  Refinery, Sensor Tower  
  193  15:40  Missile Turret, Sensor Tower  
  183  15:56  Marauder x4, Marine x4  
Tags
 
Add a new tag
Caveats
  • Supply blocks, unpowered buildings, or Contaminate may cause inaccurate times.
  • Supply counts are checked every 10 seconds.